 Dungeon Sprint DCSS version 0.30-a0-1163-gf69bf04e7a (webtiles) character file.

Game seed: 11274474879306061954

781 sircluck the Cleaver (level 7, -2/72 HPs)
             Began as a Hill Orc Fighter on Apr 28, 2023.
             Was a High Priest of Beogh.
             Slain by a jumping spider (14 damage)
             ... in the Dungeon (Sprint VII: "The Pits").
             The game lasted 00:02:39 (632 turns).

sircluck the Cleaver (Hill Orc Fighter)              Turns: 632, Time: 00:02:39

Health: -2/72      AC: 14    Str: 21    XL:     7   Next: 85%
Magic:  7/7        EV:  5    Int:  8    God:    Beogh [*****.]
Gold:   0          SH:  0    Dex: 10    Spells: 6/6 levels left

rFire   . . .        p - +2 hand axe (freeze)
rCold   . . .        c - +0 buckler
rNeg    . . .        r - +3 chain mail
rPois   .            (no helmet)
rElec   .            (no cloak)
rCorr   .            (no gloves)
SInv    .            (no boots)
Will    .....        (no amulet) Stlth
                     (no ring)
HPRegen 0.32/turn    (no ring)
MPRegen 0.10/turn

%: no teleportation
@: confused, on berserk cooldown, held, slowed, very slow
A: walk on water
a: Renounce Religion, Smiting, Recall Orcish Followers, Give Item to Named
Follower


You were in the Dungeon.
You worshipped Beogh.
Beogh was extremely pleased with you.
You visited 1 branch

Inventory:

Hand Weapons
 k - a +2 hand axe
 p - a +2 hand axe of freezing (weapon)
Missiles
 m - 9 stones (quivered)
Armour
 b - a +0 scale mail
 c - a +0 buckler (worn)
 q - a +3 scale mail
 r - a +3 chain mail (worn)
Scrolls
 j - a scroll of blinking
 n - 4 scrolls of amnesia
 o - a scroll of summoning
Potions
 e - 6 potions of curing
 f - 2 potions of heal wounds
 g - a potion of haste
 h - 2 potions of magic
 i - 2 potions of berserk rage
 l - 2 potions of invisibility


   Skills:
 + Level 10.2 Fighting
 + Level 12.3 Axes
 + Level 9.4 Armour
 + Level 2.0 Dodging
 + Level 9.0 Shields


You had 6 spell levels left.
You didn't know any spells.
Your spell library was empty.

Dungeon Overview and Level Annotations

Branches:
Dungeon (1/1)

Altars:
Ashenzari
Cheibriados
Dithmenos
Elyvilon
Fedhas
Gozag
Hepliaklqana
Kikubaaqudgha
Makhleb
Nemelex Xobeh
Okawaru
Qazlal
Ru
Sif Muna
Trog
Uskayaw
Vehumet
Wu Jian
Xom
Yredelemnul
Zin
The Shining One
Beogh
Jiyva
Lugonu

Annotations:
D Maurice


Message History

The gnoll hits you with a +0 club.
* * * LOW HITPOINT WARNING * * *
Something hits you!
* * * LOW HITPOINT WARNING * * *
Something grunts, "Curses!"
You writhe in agony.
* * * LOW HITPOINT WARNING * * *
The jumping spider pounces on you but does no damage.
The jumping spider bites you but does no damage.
You feel much better. The jumping spider pounces on you.
* * * LOW HITPOINT WARNING * * *
The jumping spider bites you but does no damage.
The gnoll hits you with a +0 club.
* * * LOW HITPOINT WARNING * * *
Something hits you but does no damage.
You writhe in agony.
* * * LOW HITPOINT WARNING * * *
The jumping spider pounces on you but does no damage.
The jumping spider bites you.
* * * LOW HITPOINT WARNING * * *
You feel much better.
The jumping spider pounces on you but does no damage.
The jumping spider bites you but does no damage.
The gnoll hits you but does no damage. Something hits you but does no damage.
You writhe in agony.
The jumping spider pounces on you but does no damage.
The jumping spider bites you. The gnoll hits you but does no damage.
Something hits you!
* * * LOW HITPOINT WARNING * * *
Something grunts, "Curses!"
You writhe in agony.
* * * LOW HITPOINT WARNING * * *
You feel much better. The jumping spider pounces on you!
The jumping spider bites you but does no damage.
The gnoll hits you with a +0 club. Something hits you!
* * * LOW HITPOINT WARNING * * *
Something grunts, "Curses!"
You writhe in agony.
* * * LOW HITPOINT WARNING * * *
The jumping spider pounces on you!
You die...

#.#........##.......#
#'###########.......#
#..#.#.##.. #########
#.......#.# ####
##.#.#.##†#....#
#.......#'#....#
##.#.#.##.'....+
#......{#'#....#
##.#.#s@g(# .{.#
########## ###


You could see a jumping spider and a gnoll.

Vanquished Creatures
  A cyclops (D)
  A warg (D)
  A floating eye (D)
  A sky beast (D)
  A scorpion (D)
  An adder (D)
  A white imp (D)
  An adder zombie (D)
  A worm (D)
  A bat skeleton (D)
  An endoplasm (D)
  A goblin (D)
  A quokka (D)
  A ball python (D)
  2 frilled lizards (D)
  2 kobolds (D)
  A quokka skeleton (D)
  A quokka zombie (D)
20 creatures vanquished.

Notes
Turn   | Place    | Note
-------+----------+-------------------------------------------
     0 | D        | sircluck the Hill Orc Fighter began the quest for the Orb.
     0 | D        | Reached XP level 1. HP: 19/19 MP: 1/1
    13 | D        | Noticed a floating eye
    16 | D        | Paralysed by a floating eye for 3 turns
    21 | D        | Killed a floating eye
    22 | D        | Reached skill level 5 in Axes
    22 | D        | Reached XP level 2. HP: 31/31 MP: 2/2
    22 | D        | Reached XP level 3. HP: 38/38 MP: 3/3
    22 | D        | Reached XP level 4. HP: 45/45 MP: 4/4
    27 | D        | Found a bloodstained altar of Trog.
    27 | D        | Found a shimmering blue altar of Sif Muna.
    27 | D        | Found a viscous altar of Jiyva.
    27 | D        | Found a hazy altar of Hepliaklqana.
    27 | D        | Found an opulent altar of Gozag.
    28 | D        | Found a glowing golden altar of the Shining One.
    28 | D        | Found a glowing silver altar of Zin.
    28 | D        | Found a basalt altar of Yredelemnul.
    28 | D        | Found a shimmering altar of Xom.
    28 | D        | Found an ornate altar of the Wu Jian Council.
    28 | D        | Found a sacrificial altar of Ru.
    28 | D        | Found a stormy altar of Qazlal.
    28 | D        | Found an iron altar of Okawaru.
    28 | D        | Found a sparkling altar of Nemelex Xobeh.
    28 | D        | Found a burning altar of Makhleb.
    28 | D        | Found a blossoming altar of Fedhas.
    28 | D        | Found a white marble altar of Elyvilon.
    28 | D        | Found a shadowy altar of Dithmenos.
    28 | D        | Found a snail-covered altar of Cheibriados.
    30 | D        | Found a radiant altar of Vehumet.
    30 | D        | Found a corrupted altar of Lugonu.
    30 | D        | Found a roughly hewn altar of Beogh.
    31 | D        | Found a hide-covered altar of Uskayaw.
    31 | D        | Found an ancient bone altar of Kikubaaqudgha.
    31 | D        | Found a broken altar of Ashenzari.
    40 | D        | Became a worshipper of Beogh the Brigand
    91 | D        | Reached * piety under Beogh
   109 | D        | Noticed a warg
   124 | D        | Killed a warg
   124 | D        | Reached ** piety under Beogh
   125 | D        | Reached skill level 7 in Axes
   125 | D        | Reached XP level 5. HP: 13/53 MP: 5/5
   125 | D        | Reached XP level 6. HP: 15/61 MP: 6/6
   369 | D        | Reached *** piety under Beogh
   403 | D        | Noticed a cyclops
   412 | D        | Killed a cyclops
   412 | D        | Reached **** piety under Beogh
   413 | D        | Reached skill level 11 in Axes
   413 | D        | Reached skill level 1 in Dodging
   413 | D        | Reached XP level 7. HP: 23/71 MP: 7/7
   590 | D        | Reached skill level 10 in Fighting
   595 | D        | Reached skill level 12 in Axes
   600 | D        | Reached ***** piety under Beogh
   604 | D        | Noticed a jumping spider
   604 | D        | Noticed Maurice
   629 | D        | HP: 2/72 [something (3)]
   632 | D        | Slain by a jumping spider

Illustrated notes

Levels and vault maps discovered:
D:        pitsprint [storerooms_1, entrance_room_1, metal_vault_2, armoury_1,
          mini_pit_1, grid_room_1, main_hall_1, silver_pit, the_coven_2,
          the_vestibule_1, steel_vault_3, golden_pit, hallway_of_sentries,
          crystal_vault_5, iron_vault_4, final_vault]

Skill      XL: |  1  2  3  4  5  6  7 |
---------------+----------------------+-----
Fighting       | 6 8 9 10 | 10.2
Axes           | 5 7 11 12 | 12.3
Armour         | 6 7 9 |  9.4
Shields        | 6 7 8 9 |  9.0
Dodging        | 1 2 |  2.0

Action                     |  1- 3 |  4- 6 |  7- 9 || total
---------------------------+-------+-------+-------++-------
  Melee: War axe           |     5 |    36 |       ||    41
         Hand axe          |       |    21 |    39 ||    60
    Use: Potion            |       |     1 |     5 ||     6
 Armour: Scale mail        |       |    12 |       ||    12
         Chain mail        |       |     4 |    32 ||    36
  Dodge: Dodged            |       |    37 |    16 ||    53
  Block: Buckler           |       |    14 |     7 ||    21

Table legend: (Time is in decaauts)
 A = Elapsed time spent in this place.
 B = Non-inter-level travel time spent in this place.
 C = Inter-level travel time spent in this place.
 D = Time resting spent in this place.
 E = Time spent auto-exploring this place.
 F = Levels seen in this place.
 G = Mean time per level.
                   A        B        C        D        E       F      G
               +--------+--------+--------+--------+--------+-----+--------+
         Total |    629 |    617 |     12 |    297 |     44 |   1 |  629.0 |
       Dungeon |    629 |    617 |     12 |    297 |     44 |   1 |  629.0 |
               +--------+--------+--------+--------+--------+-----+--------+

Top non-repeatable levels by time:
       D: 629 daAuts
